 Dungeon Crawl Stone Soup version 0.29-a0-234-g0dae59b3db (webtiles) character file.

Game seed: 288434808196880800

16 Aksej the Skirmisher (level 2, 0/24 HPs)
             Began as a Demonspawn Monk on Mar 2, 2022.
             Succumbed to an adder's poison
             ... on level 2 of the Dungeon.
             The game lasted 00:01:19 (948 turns).

Aksej the Skirmisher (Demonspawn Monk)               Turns: 948, Time: 00:01:20

Health: 0/24       AC:  2    Str: 11    XL:     2   Next: 37%
Magic:  2/2        EV: 13    Int: 11    God:
Gold:   110        SH:  0    Dex: 15    Spells: 1/1 levels left

rFire   . . .      SeeInvis .   a - +0 mace
rCold   . . .      Faith    .   (no shield)
rNeg    + . .      Spirit   .   b - +0 robe
rPois   .          Reflect  .   (helmet restricted)
rElec   .          Harm     .   (no cloak)
rCorr   .          Rampage  .   (no gloves)
Will    .....                   (no boots)
Stlth   ++........              (no amulet)
HPRegen 0.08/turn               f - ring of positive energy
MPRegen 0.08/turn               (no ring)

@: lethally poisoned (0 -> -3)
A: horns 1
a: no special abilities


You were on level 2 of the Dungeon.
You visited 1 branch of the dungeon, and saw 2 of its levels.

You collected 110 gold pieces.

Inventory:

Hand Weapons
 a - a +0 mace (weapon)
Armour
 b - a +0 robe (worn)
Jewellery
 f - a ring of positive energy (left hand)
Potions
 d - a potion of flight {unknown}
 e - a potion of curing {unknown}


   Skills:
 * Level 3.4 Fighting
 + Level 2.9 Maces & Flails
 + Level 2.7 Dodging
 + Level 1.9 Stealth


You had one spell level left.
You didn't know any spells.
Your spell library was empty.

Dungeon Overview and Level Annotations

Branches:
Dungeon (2/15)

Altars:

Shops:
D:1 [


Innate Abilities, Weirdness & Mutations

You have a pair of small horns on your head.


Message History

The frilled lizard completely misses you.
A giant cockroach comes into view.
The kobold closely misses you.
You hit the kobold but do no damage. The frilled lizard misses you.
The kobold misses you. The frilled lizard closely misses you.
The frilled lizard unfolds its giant frill.
You barely miss the kobold. Your punch misses the kobold.
The kobold hits you with a +0 whip.
You hit the kobold.
You kill the kobold!
The adder barely misses you.
You barely miss the adder. The adder bites you. The adder barely misses you.
You miss the adder. The adder barely misses you.
You hit the adder.
The adder is heavily wounded.
The adder misses you. The adder bites you.
You barely miss the adder. Your headbutt misses the adder.
The adder is heavily wounded.
The adder bites you but does no damage. The adder bites you.
You closely miss the adder. Your headbutt misses the adder.
The adder is heavily wounded.
The adder bites you.
You barely miss the adder.
The adder is heavily wounded.
The adder barely misses you. The adder misses you.
You hit the adder but do no damage.
The adder is heavily wounded.
The adder bites you.
* * * LOW HITPOINT WARNING * * *
You are lethally poisoned!
The adder poisons you!
You miss the adder.
The adder is heavily wounded.
* * * LOW HITPOINT WARNING * * *
You feel sick. The adder bites you.
* * * LOW HITPOINT WARNING * * *
The adder closely misses you.
You barely miss the adder.
The adder is heavily wounded.
You die...

##)#. #...<.# #
#..(.##.##### #.#.##..B.#
##...####l.# ...
...........# #.#
###.#.S.### #.# # #.#..##
#.# #.# #.#..##########.#
#...##)#..BlS@....<#.# #
#.......########.#.#####..#
####.#.#..........)..<....#
#.#.#.#########.########
#.#.#.......# #.#
#)#.#.#####.###.#
#......#........#
#........##.#####
##.....####.#


You could see an adder, a giant cockroach and a frilled lizard.

Vanquished Creatures
  3 ball pythons (D:1)
  2 endoplasms (D:1)
  A giant cockroach (D:1)
  A quokka (D:2)
  2 goblins
  5 kobolds
  2 rats (D:1)
16 creatures vanquished.

Notes
Turn   | Place    | Note
-------+----------+-------------------------------------------
     0 | D:1      | Aksej the Demonspawn Monk began the quest for the Orb.
     0 | D:1      | Reached XP level 1. HP: 18/18 MP: 1/1
   348 | D:1      | Gained mutation: You have a pair of small horns on your
                  | head. [demonic ancestry]
   348 | D:1      | Reached XP level 2. HP: 23/24 MP: 2/2
   570 | D:1      | Found Biffapas's Antique Armour Shoppe.
   947 | D:2      | HP: 1/24 [adder (1)]
   948 | D:2      | Succumbed to an adder's poison

Illustrated notes

Levels and vault maps discovered:
D:1:      psy_arrival_heroes, layout_basic, serial_shops, shop
D:2:      layout_loops_ring, ebering_ecumenical_altar_hall, minmay_hexomino_p4

Action                   || total
-------------------------++-------
Melee: Mace              ||    55
       Headbutt          ||     2
  Use: Scroll            ||     1
 Stab: Sleeping          ||     3
Armor: Robe              ||     9
Dodge: Dodged            ||    40

Table legend: (Time is in decaauts)
 A = Elapsed time spent in this place.
 B = Non-inter-level travel time spent in this place.
 C = Inter-level travel time spent in this place.
 D = Time resting spent in this place.
 E = Time spent auto-exploring this place.
 F = Levels seen in this place.
 G = Mean time per level.
                   A        B        C        D        E       F      G
               +--------+--------+--------+--------+--------+-----+--------+
         Total |    961 |    942 |     19 |      0 |    784 |   2 |  480.5 |
       Dungeon |    961 |    942 |     19 |      0 |    784 |   2 |  480.5 |
               +--------+--------+--------+--------+--------+-----+--------+

Top non-repeatable levels by time:
     D:1: 822 daAuts
     D:2: 138 daAuts
